 Dungeon Crawl Stone Soup version 0.28.0-62-gf88900778d (webtiles) character file.

Game seed: 1214673303276590428

2 Coron the Sneak (level 1, -1/20 HPs)
             Began as a Deep Dwarf Delver on Apr 3, 2023.
             Was an Initiate of Trog.
             Slain by an iguana (11 damage)
             ... on level 5 of the Dungeon.
             The game lasted 00:01:29 (452 turns).

Coron the Sneak (Deep Dwarf Delver)                  Turns: 452, Time: 00:01:29

Health: -1/20      AC:  3    Str: 15    XL:     1   Next: 25%
Magic:  0/0        EV: 12    Int: 10    God:    Trog [......]
Gold:   48         SH:  0    Dex: 14    Spells: 0/0 levels left

rFire   . . .      SeeInvis .   a - +0 hand axe
rCold   . . .      Faith    .   (no shield)
rNeg    . . .      Spirit   .   b - +0 leather armour
rPois   .          Reflect  .   (no helmet)
rElec   .          Harm     .   (no cloak)
rCorr   .          Rampage  .   (no gloves)
Will    .....                   (no boots)
Stlth   +++.......              (no amulet)
HPRegen 0.00/turn               (no ring)
MPRegen 0.07/turn               (no ring)

@: hasted, very quick
A: damage resistance, heal wounds, sense surroundings 1, no regeneration
a: Heal Wounds, Renounce Religion


You were on level 5 of the Dungeon.
You worshipped Trog.
Trog was noncommittal.
You visited 2 branches of the dungeon, and saw 2 of its levels.

You collected 48 gold pieces.

Inventory:

Hand Weapons
 a - a +0 hand axe (weapon)
Armour
 b - a +0 leather armour (worn)
 i - a +0 plate armour
 j - a +0 chain mail
Wands
 g - a wand of digging (3)
Scrolls
 c - a scroll of fog
 d - a scroll of magic mapping
 e - a scroll of fear
 h - 2 scrolls of enchant weapon {unknown}


   Skills:
 + Level 2.7 Fighting
 + Level 2.2 Axes
 * Level 2.2 Dodging
 * Level 6.0 Stealth


You couldn't memorise any spells.
You didn't know any spells.
Your spell library was empty.

Dungeon Overview and Level Annotations

Branches:
Dungeon (5/15)             Temple (1/1) D:5

Altars:
Elyvilon
Fedhas
Gozag
Hepliaklqana
Kikubaaqudgha
Okawaru
Sif Muna
Trog
Zin

Shops:
D:5 *

Annotations:
D:5 3 runed translucent doors, Rikuski's ghost, amateur MfIE


Innate Abilities, Weirdness & Mutations

You are resistant to damage.
You can heal yourself by infusing magical energy.
You passively map a small area around you.
You do not regenerate.


Message History

You hit the iguana.
The iguana is moderately wounded.
The iguana bites you!
Ouch! That really hurt!
You barely miss the iguana.
The iguana is moderately wounded.
You closely miss the iguana.
The iguana is moderately wounded.
The iguana barely misses you.
You feel much better. The iguana barely misses you.
You hit the iguana.
The iguana is heavily wounded.
The iguana bites you.
You closely miss the iguana.
The iguana is heavily wounded.
The iguana bites you!
Ouch! That really hurt!
You hit the iguana.
The iguana is heavily wounded.
Unknown command.
You completely miss the iguana.
The iguana is heavily wounded.
The iguana misses you.
Unknown command.
Your magical essence is drained by the effort!
You feel much better. The iguana completely misses you.
You hit the iguana but do no damage.
The iguana is heavily wounded.
You hit the iguana.
The iguana is severely wounded.
The iguana bites you!
Ouch! That really hurt!
You closely miss the iguana.
The iguana is severely wounded.
The iguana bites you.
You barely miss the iguana.
The iguana is severely wounded.
The iguana bites you!
Ouch! That really hurt!
You die...

* , * * * * ## *
##Z * *#..,** ,
#. * #..## #..*
####+##+##l## ,
#..,
..#......@..#
#..
#.#.8..8..8.#
#.#
#.#........(#
#.#
#.#####'##### ,
#.####.......#
###......#######
.....#####
....#########
....#...8.(.#


You could see an iguana.

Vanquished Creatures
  An orc (D:5)
1 creature vanquished.

Notes
Turn   | Place    | Note
-------+----------+-------------------------------------------
     0 | D:5      | Coron the Deep Dwarf Delver began the quest for the Orb.
     0 | D:5      | Reached XP level 1. HP: 20/20 MP: 1/1
    27 | D:5      | Found Qemyupn's General Store.
    27 | D:5      | Found a runed translucent gate.
    36 | D:5      | Found a runed translucent gate.
    36 | D:5      | Found a runed translucent gate.
    37 | D:5      | Noticed Rikuski's ghost (amateur MfIE)
    88 | D:5      | Found a staircase to the Ecumenical Temple.
    97 | Temple   | Entered the Ecumenical Temple
   348 | Temple   | Became a worshipper of Trog the Wrathful
   437 | D:5      | Noticed an iguana
   452 | D:5      | Slain by an iguana

Illustrated notes

Levels and vault maps discovered:
D:5:      minmay_chambers_of_threes, layout_basic, kennysheep_mini,
          lemuel_temple_firewalk_b, serial_shops, shop,
          ebering_ghost_rock_garden, minmay_ogre_servants
Temple:   compressed_dpeg_triangle_lava_temple

Action                   || total
-------------------------++-------
Melee: Hand axe          ||    25
       Punch             ||     1
 Abil: Heal Wounds       ||     2
  Use: Potion            ||     1
 Stab: Sleeping          ||     1
Armor: Leather armour    ||     2
Dodge: Dodged            ||    12
